 Dungeon Crawl Stone Soup version 0.28-a0-834-g1a73be5ee4 (webtiles) character file.

Game seed: 17844705176523061291

129096 Ijustatesigmund the Warrior (level 17, -1/116 HPs)
             Began as a Gargoyle Fighter on Nov 10, 2021.
             Was the Champion of Cheibriados.
             Slain by Kirke (8 damage)
             ... on level 3 of the Swamp on Nov 11, 2021.
             The game lasted 01:00:56 (30372 turns).

Ijustatesigmund the Warrior (Gargoyle Fighter)     Turns: 30372, Time: 01:00:57

Health: -1/116     AC:  0    Str: 34    XL:     17   Next: 4%
Magic:  27/27      EV: 18    Int: 32    God:    Cheibriados [******]
Gold:   989        SH:  0    Dex: 24    Spells: 15/16 levels left

rFire   . . .      SeeInvis .   (weapon currently unavailable)
rCold   . . .      Faith    .   (shield currently unavailable)
rNeg    + . .      Spirit   .   (armour currently unavailable)
rPois   ∞          Reflect  .   (helmet currently unavailable)
rElec   .          Harm     .   (cloak currently unavailable)
rCorr   .          Rampage  .   (gloves currently unavailable)
Will    +....                   (boots currently unavailable)
Stlth   +++.......              e - amulet of regeneration
HPRegen 1.29/turn               (ring currently unavailable)
MPRegen 0.20/turn               (ring currently unavailable)

@: pig-form, studying Slings, very slow
A: fast, no casting, sickness immunity, AC +12, small, (big wings), negative
energy resistance 1, (electricity resistance), torment resistance 1,
petrification resistance, (horns 1)
a: Renounce Religion, Bend Time, Temporal Distortion, Slouch, Step From Time


You were on level 3 of the Swamp.
You worshipped Cheibriados.
Cheibriados was exalted by your worship.
You were a filthy swine.
You visited 5 branches of the dungeon, and saw 27 of its levels.

You collected 2285 gold pieces.
You spent 1296 gold pieces at shops.

Inventory:

Hand Weapons
 a - a +8 eveningstar of protection (melded)
 k - a +1 flail of holy wrath
Missiles
 O - a throwing net (quivered)
Armour
 b - a +3 chain mail (melded)
 c - a +1 kite shield (melded)
 d - a +1 pair of gloves (melded)
 f - a +1 cloak (melded)
 r - a +2 hat (melded)
 G - the +0 pair of boots of Greed (melded) {rElec rPois Dex+4 SInv}
   (You found it on level 14 of the Dungeon)

   Dex:       It affects your dexterity (+4).
   rElec:     It insulates you from electricity.
   rPois:     It protects you from poison.
   SInv:      It lets you see invisible.
Jewellery
 e - an amulet of regeneration (around neck)
 j - a ring of wizardry
 q - the ring of Fopottec (melded) {rC+ EV+4 Int+3 Dex+3}
   (You bought it in a shop on level 5 of the Dungeon)

   [ring of evasion]

   EV:        It affects your evasion (+4).
   Int:       It affects your intelligence (+3).
   Dex:       It affects your dexterity (+3).
   rC:        It protects you from cold.
 A - a ring of protection from fire (melded)
 C - a ring of ice
 F - the ring "Teosogee" {rN+ SInv Stlth+}
   (You found it on level 13 of the Dungeon)

   [ring of see invisible]

   rN:        It protects you from negative energy.
   SInv:      It lets you see invisible.
   Stlth:     It makes you more stealthy.
 L - a ring of protection from cold
 M - a ring of see invisible
 T - a +6 ring of dexterity
Wands
 i - a wand of flame (22)
 t - a wand of charming (11)
 z - a wand of paralysis (35)
 D - a wand of acid (17)
 H - a wand of polymorph (18)
 N - a wand of iceblast (4)
 S - a wand of digging (5)
Scrolls
 l - 2 scrolls of magic mapping
 w - a scroll of fog
 y - 11 scrolls of identify
 E - 6 scrolls of amnesia
 J - 4 scrolls of immolation
 K - 2 scrolls of enchant armour
 Q - 3 scrolls of brand weapon
Potions
 g - 4 potions of flight
 h - 6 potions of attraction
 m - 4 potions of haste
 o - 2 potions of lignification
 p - 10 potions of curing
 s - 3 potions of brilliance
 u - a potion of ambrosia
 v - 3 potions of heal wounds
 B - 3 potions of invisibility
 P - 3 potions of might
 R - a potion of mutation
 U - a potion of resistance


   Skills:
 + Level 16.4 Fighting
 + Level 15.4 Maces & Flails
 - Level 10.7 Armour
 + Level 4.8 Dodging
 + Level 3.2 Stealth
 - Level 11.8 Shields
 - Level 5.1 Translocations
 + Level 14.5 Invocations
 - Level 6.7 Evocations


You had 15 spell levels left.
You knew the following spells:

 Your Spells              Type           Power      Damage    Failure   Level
a - Apportation           Tloc           64%        N/A       1%          1

Your spell library contained the following spells:

 Spells                   Type           Power      Damage    Failure   Level
 Beastly Appendage        Tmut           0%         N/A       9%          1
 Sandblast                Erth           0%         2d4       9%          1
 Slow                     Hex            0%         N/A       9%          1
 Ensorcelled Hibernation  Hex/Ice        0%         N/A       13%         2
 Passwall                 Tmut/Erth      0%         N/A       13%         2
 Scorch                   Fire           0%         2d5       13%         2
 Static Discharge         Conj/Air       0%         N/A       13%         2
 Confusing Touch          Hex            0%         N/A       26%         3
 Ozocubu's Armour         Ice            0%         N/A       26%         3
 Stone Arrow              Conj/Erth      0%         3d7       26%         3
 Swiftness                Air            0%         N/A       26%         3
 Tukima's Dance           Hex            0%         N/A       26%         3
 Animate Dead             Necr           0%         N/A       63%         4
 Dispel Undead            Necr           0%         3d6       63%         4
 Flame Wave               Conj/Fire      0%         3d3       63%         4
 Hailstorm                Conj/Ice       0%         3d3       63%         4
 Ice Form                 Ice/Tmut       0%         N/A       63%         4
 Petrify                  Tmut/Erth      0%         N/A       63%         4
 Sticky Flame             Conj/Fire      0%         2d3       63%         4
 Alistair's Intoxication  Tmut/Pois      0%         N/A       93%         5
 Borgnjor's Vile Clutch   Necr/Erth      0%         N/A       93%         5
 Iskenderun's Battlesphe  Conj           0%         2d6       93%         5
 Metabolic Englaciation   Hex/Ice        0%         N/A       93%         5
 Yara's Violent Unravell  Hex/Tmut       0%         3d3       93%         5
 Death Channel            Necr           0%         N/A       100%        6
 Invisibility             Hex            0%         N/A       100%        6
 Iron Shot                Conj/Erth      0%         9d1       100%        6
 Simulacrum               Ice/Necr       0%         N/A       100%        6
 Summon Cactus Giant      Summ           0%         N/A       100%        6
 Ozocubu's Refrigeration  Ice            0%         4d5       100%        7
 Spellforged Servitor     Conj/Summ      0%         N/A       100%        7
 Necromutation            Tmut/Necr      0%         N/A       100%        8
 Statue Form              Tmut/Erth      Unusable   N/A       N/A         6

Dungeon Overview and Level Annotations

Branches:
Dungeon (15/15)            Temple (1/1) D:7            Lair (6/6) D:9
  Swamp (4/4) Lair:4       Spider (1/4) Lair:2        Slime (0/5) Lair:6
    Orc (0/2) D:12         Vaults (0/5) D:13         Depths (0/4) D:15

Altars:
Ashenzari
Cheibriados
Dithmenos
Elyvilon
Fedhas
Gozag
Hepliaklqana
Kikubaaqudgha
Makhleb
Nemelex Xobeh
Okawaru
Qazlal
Ru
Sif Muna
Trog
Uskayaw
Vehumet
Wu Jian
Xom
Yredelemnul
Zin
The Shining One
Beogh

Shops:
D:5 =   D:8 (   D:9 !*[

Annotations:
D:4 2 transporters
Swamp:3 Kirke


Innate Abilities, Weirdness & Mutations

You are a filthy swine.
You move quickly.
Your equipment is almost entirely melded.
You are incapable of wielding weapons or throwing items.
You cannot cast spells.
You are immune to sickness and miasma.
((Your stone body is resilient. (AC +12)))
You are immune to poison.
((Your large and strong wings let you fly.))
You resist negative energy. (rN+)
((You are resistant to electric shocks. (rElec)))
You are resistant to unholy torment.
You are immune to petrification.
((You have a pair of small horns on your head.))


Message History

The seven-headed hydra closely misses you.
The seven-headed hydra bites you but does no damage. x4
The hog bites you but does no damage. The hog closely misses you.
Kirke gestures at you while chanting.
You turn into a filthy swine.
Your +8 eveningstar of protection melds into your body.
Your +1 cloak melds into your body.
Your +2 hat melds into your body.
Your +1 pair of gloves melds into your body.
The +0 pair of boots of Greed {rElec rPois Dex+4 SInv} melds into your body.
Your +1 kite shield melds into your body.
Your +3 chain mail melds into your body.
The ring of Fopottec {rC+ EV+4 Int+3 Dex+3} melds into your body.
Your ring of protection from fire melds into your body.
Your +8 eveningstar of protection goes still.
Aiming: Corrosive Bolt
Press: ? - help, Shift-Dir - straight line, f - Kirke
Aim: Kirke (severely wounded, 74% to hit)
The bolt of acid hits Kirke!
The acid corrodes Kirke!
Kirke is almost dead.
The hog misses you. The hog barely misses you. The hog bites you!
The seven-headed hydra barely misses you.
The seven-headed hydra closely misses you. x2
The seven-headed hydra completely misses you.
The seven-headed hydra bites you! The seven-headed hydra bites you.
The seven-headed hydra completely misses you.
The hog bites you. Kirke hits you.
Aiming: Corrosive Bolt
Press: ? - help, Shift-Dir - straight line, f/p - Kirke
Aim: Kirke (almost dead, covered in acid, 74% to hit)
The bolt of acid misses Kirke.
The hog closely misses you. The hog bites you! The hog misses you.
The seven-headed hydra barely misses you.
The seven-headed hydra bites you. The seven-headed hydra bites you!
* * * LOW HITPOINT WARNING * * *
The seven-headed hydra misses you. x2
The seven-headed hydra closely misses you.
The seven-headed hydra bites you!
* * * LOW HITPOINT WARNING * * *
Kirke hits you!
You die...

♣♣♣.≈≈≈≈≈≈§≈♣.≈.≈.♣♣≈♣♣.
♣♣♣≈≈≈≈≈.♣..≈♣.≈♣♣..♣.
♣≈.≈§≈≈♣♣≈....♣♣...≈
♣♣♣.≈≈≈≈.♣♣♣...♣♣♣≈.≈.
♣♣≈.≈≈≈≈.♣♣...♣♣♣♣♣♣≈≈.
♣♣≈..≈≈≈§≈♣...♣♣♣...♣♣♣.
♣♣≈.≈.†≈≈≈≈♣♣♣♣♣♣≈≈.≈.♣♣♣
♣≈...≈§@D♣.♣♣♣.≈.≈..♣...♣
♣.≈≈≈≈≈≈hh♣♣≈....≈≈...♣♣♣
♣.≈≈≈≈≈≈hh..≈≈.≈≈≈≈♣.)♣
♣.≈≈≈...≈♣♣..≈≈≈≈≈≈≈♣♣♣♣♣
♣≈≈≈.§♣♣♣♣♣≈.≈§≈≈...≈♣♣♣≈
♣≈....≈♣ ♣♣≈.≈<...≈≈♣♣≈.
♣♣♣♣♣.≈♣ ♣♣♣♣♣♣.≈♣♣♣♣≈.
♣♣♣♣ ♣♣♣♣ ♣≈≈ ♣♣♣♣♣ ♣≈.
♣.≈.♣ ♣..


You could see Kirke (corroded), a seven-headed hydra and 3 hogs.

Vanquished Creatures
  A thorn hunter (Swamp:4)
  Roxanne (D:15)
  2 very ugly things (D:15)
  An entropy weaver (Spider:1)
  6 bunyips
  7 eleionomae
  A boulder beetle (D:12)
  A great orb of eyes (D:15)
  Harold (D:8)
  2 spriggan air magi
  A rakshasa (D:15)
  24 hydras
  An ogre mage (D:15)
  5 centaur warriors
  A catoblepas (Lair:2)
  5 alligators
  A death knight (D:12)
  3 ghost crabs
  6 two-headed ogres
  The ghost of Avanven the Brawler, a novice TrWr of Okawaru (Lair:2)
  A tengu warrior (D:14)
  8 spriggans
  A spriggan berserker (Swamp:3)
  Sonja (D:11)
  2 fire crabs (Lair:6)
  5 skeletal warriors (D:13)
  A deep troll (shapeshifter) (D:15)
  5 swamp dragons
  10 goliath frogs
  4 bog bodies
  A spriggan druid (Swamp:2)
  A necromancer (D:13)
  A wizard (D:13)
  A phantasmal warrior (D:12)
  2 deep elf pyromancers
  An orb spider (Spider:1)
  2 oklob plants
  10 ugly things
  A wolf spider (Spider:1)
  7 elephants
  A manticore (D:12)
  3 cyclopes
  6 will-o-the-wisps
  8 black mambas
  22 cane toads
  An efreet (D:13)
  A torpor snail (Lair:3)
  10 komodo dragons
  3 rime drakes
  An unseen horror (D:12)
  4 kobold demonologists
  A freezing wraith (D:12)
  4 trolls
  3 polar bears
  12 tyrant leeches
  A jumping spider (Spider:1)
  10 hornets
  7 dream sheep (Lair:4)
  4 slime creatures
  14 blink frogs
  2 redbacks
  4 wraiths
  4 shadows
  2 hogs
  3 wyverns
  59 yaks
  2 steam dragons
  5 basilisks
  A human (shapeshifter) (D:14)
  11 vampire mosquitoes
  Menkaure (D:4)
  13 swamp worms
  18 water moccasins
  2 swamp drakes
  3 orc warriors
  A hornet zombie (D:7)
  A sky beast (D:7)
  2 ice beasts (D:5)
  5 ogres
  3 black bears
  2 necrophages
  15 wolves
  11 centaurs
  A phantom (D:6)
  7 kobold brigands
  19 bullfrogs
  2 gnoll sergeants
  2 wyvern zombies
  A water moccasin zombie (D:6)
  3 scorpions
  A water moccasin skeleton (D:5)
  4 killer bees (D:10)
  10 wights
  A howler monkey (D:13)
  3 electric eels
  2 bullfrog zombies (D:6)
  4 centaur zombies
  A gnoll shaman (D:5)
  5 hounds
  12 jellies
  Crazy Yiuf (D:3)
  5 orc priests
  2 bullfrog skeletons (D:6)
  2 centaur skeletons
  Jessica (D:3)
  4 iguanas
  10 orc wizards
  2 killer bee zombies (D:6)
  2 howler monkey zombies (D:6)
  13 gnolls
  A howler monkey skeleton (D:6)
  10 adders
  A shadow imp (D:7)
  2 white imps
  3 worms
  3 dart slugs
  36 orcs
  13 endoplasms
  A giant cockroach (D:4)
  10 goblins
  13 hobgoblins
  4 jackals (D:1)
  4 quokkas
  6 ball pythons
  7 bats
  3 frilled lizards (D:2)
  24 kobolds
  9 rats
  9 foxfires (Swamp:4)
701 creatures vanquished.

Vanquished Creatures (collateral kills)
  A two-headed ogre (D:11)
  A gnoll sergeant (D:9)
  3 gnolls (D:9)
  An orc (D:9)
  A kobold (D:9)
7 creatures vanquished.

Vanquished Creatures (others)
  Erolcha (D:13)
  A shadow (D:13)
  An orc wizard (D:9)
  2 gnolls (D:12)
  A briar patch (Swamp:4)
  A bush (D:15)
  12 foxfires
  39 fungi
  109 plants
167 creatures vanquished.

Grand Total: 875 creatures vanquished

Notes
Turn   | Place    | Note
-------+----------+-------------------------------------------
     0 | D:1      | Ijustatesigmund the Gargoyle Fighter began the quest for
                  | the Orb.
     0 | D:1      | Reached XP level 1. HP: 14/14 MP: 1/1
     3 | D:1      | Noticed an electric eel
     4 | D:1      | Noticed an electric eel
    31 | D:1      | Reached skill level 4 in Fighting
    31 | D:1      | Reached XP level 2. HP: 20/20 MP: 2/2
   406 | D:1      | Reached XP level 3. HP: 19/24 MP: 3/3
   788 | D:1      | Reached skill level 5 in Fighting
  1121 | D:2      | Reached XP level 4. HP: 28/31 MP: 1/4
  1373 | D:2      | Found a faded altar of an unknown god.
  1735 | D:3      | Noticed Jessica
  1741 | D:3      | Killed Jessica
  1798 | D:3      | Reached XP level 5. HP: 36/36 MP: 5/5
  2032 | D:3      | Found a runed translucent door.
  2036 | D:3      | Noticed Crazy Yiuf
  2043 | D:3      | Killed Crazy Yiuf
  2044 | D:3      | Reached skill level 6 in Fighting
  2088 | D:4      | Noticed Menkaure
  2179 | D:4      | Reached skill level 14 in Fighting
  2179 | D:4      | Reached XP level 6. HP: 13/54 MP: 0/6
  2180 | D:4      | Gained mutation: You are frail. (-10% HP) [potion of
                  | mutation]
  2181 | D:4      | HP: 1/48 [Menkaure (11)]
  2182 | D:4      | Killed Menkaure
  2183 | D:4      | Reached XP level 7. HP: 1/53 MP: 0/7
  2942 | D:4      | Found a transporter.
  2998 | D:4      | Found a transporter.
  3240 | D:5      | Entered Level 5 of the Dungeon
  3320 | D:5      | Found a sacrificial altar of Ru.
  3504 | D:5      | Reached XP level 8. HP: 27/57 MP: 3/8
  3891 | D:5      | Found Sairyth's Jewellery Boutique.
  4588 | D:5      | Found an opulent altar of Gozag.
  4741 | D:6      | Lost mutation: You are frail. (-10% HP) [potion of
                  | mutation]
  4741 | D:6      | Gained mutation: Your magical capacity is low. (-10% MP)
                  | [potion of mutation]
  4741 | D:6      | Gained mutation: You have a pair of small horns on your
                  | head. [potion of mutation]
  4741 | D:6      | Lost mutation: Your magical capacity is low. (-10% MP)
                  | [potion of mutation]
  4852 | D:6      | Found a shadowy altar of Dithmenos.
  5006 | D:6      | Reached skill level 5 in Armour
  5042 | D:6      | Reached skill level 5 in Maces & Flails
  5042 | D:6      | Reached skill level 5 in Shields
  5060 | D:6      | Reached XP level 9. HP: 68/69 MP: 9/9
  5160 | D:6      | Found a basalt altar of Yredelemnul.
  5754 | D:6      | Found a bloodstained altar of Trog.
  6440 | D:7      | Found a staircase to the Ecumenical Temple.
  7152 | D:7      | Reached skill level 1 in Dodging
  7152 | D:7      | Reached XP level 10. HP: 67/75 MP: 10/10
  7663 | D:8      | Noticed a purple ugly thing
  7684 | D:7      | Killed a purple ugly thing
  8017 | D:8      | Noticed Harold
  8045 | D:8      | Killed Harold
  8591 | D:8      | Found Nanamuif's Weapon Shop.
  9346 | D:5      | Bought the ring of Fopottec {rC+ EV+4 Int+3 Dex+3} for 876
                  | gold pieces
  9376 | Temple   | Entered the Ecumenical Temple
  9465 | Temple   | Became a worshipper of Cheibriados the Contemplative
  9654 | D:9      | Found a staircase to the Lair.
  9799 | D:9      | Reached skill level 1 in Invocations
  9827 | D:9      | Found Oxuov's Armour Boutique.
  9831 | D:9      | Found Oxia's Assorted Antiques.
  9832 | D:9      | Found Joxige's Distillery.
  9840 | D:9      | Reached XP level 11. HP: 80/80 MP: 11/11
 10124 | D:10     | Entered Level 10 of the Dungeon
 10340 | D:10     | Reached * piety under Cheibriados
 10726 | D:10     | Reached ** piety under Cheibriados
 10963 | D:10     | Found a shimmering altar of Xom.
 11304 | D:11     | Reached skill level 5 in Invocations
 11400 | D:11     | Noticed a two-headed ogre
 11408 | D:11     | Killed a two-headed ogre
 11655 | D:11     | Noticed a two-headed ogre
 11670 | D:11     | Killed a two-headed ogre
 11847 | D:11     | Reached XP level 12. HP: 85/85 MP: 14/16
 11888 | D:11     | Reached skill level 1 in Evocations
 11934 | D:11     | Noticed Sonja
 11944 | D:11     | Killed Sonja
 11981 | D:11     | Found a glowing golden altar of the Shining One.
 12180 | D:12     | Reached skill level 10 in Maces & Flails
 12191 | D:12     | Noticed a five-headed hydra
 12191 | D:12     | Noticed a four-headed hydra
 12205 | D:11     | Killed a five-headed hydra
 12256 | D:12     | Killed a four-headed hydra
 12468 | D:12     | Noticed a soul eater
 12519 | D:12     | Noticed a soul eater
 12610 | D:12     | Noticed a death knight
 12696 | D:12     | Killed a death knight
 12776 | D:12     | Reached *** piety under Cheibriados
 12968 | D:12     | Found a staircase to the Orcish Mines.
 13495 | D:12     | Noticed a boulder beetle
 13511 | D:12     | Killed a boulder beetle
 13735 | D:12     | Upgraded the game from 0.28-a0-823-gb444dcf96d to
                  | 0.28-a0-834-g1a73be5ee4
 13780 | D:13     | Noticed a centaur warrior
 13780 | D:13     | Noticed a centaur warrior
 13781 | D:13     | Noticed Erolcha
 13796 | D:13     | Killed a centaur warrior
 13803 | D:13     | Killed a centaur warrior
 13811 | D:13     | Killed Erolcha
 13815 | D:13     | Reached **** piety under Cheibriados
 14027 | D:13     | Noticed an eight-headed hydra
 14037 | D:13     | Killed an eight-headed hydra
 14038 | D:13     | Reached skill level 5 in Evocations
 14038 | D:13     | Reached XP level 13. HP: 73/90 MP: 12/19
 14250 | D:13     | Found a gate to the Vaults.
 14830 | D:13     | Identified the ring "Teosogee" {rN+ SInv Stlth+}
 15601 | D:14     | Identified the +0 pair of boots of Greed {rElec rPois Dex+4
                  | SInv}
 15678 | D:14     | Found a blossoming altar of Fedhas.
 16658 | Lair:1   | Entered Level 1 of the Lair of Beasts
 17018 | Lair:1   | Reached ***** piety under Cheibriados
 17024 | Lair:1   | Reached skill level 10 in Invocations
 17064 | Lair:1   | Learned a level 1 spell: Apportation
 17231 | Lair:1   | Identified the +1 leather armour of the Stallion {rPois}
 17564 | Lair:1   | Reached skill level 1 in Translocations
 17692 | Lair:2   | Gained mutation: Your large and strong wings let you fly.
                  | [Gargoyle growth]
 17692 | Lair:2   | Reached XP level 14. HP: 96/96 MP: 21/21
 18354 | Lair:2   | Reached ****** piety under Cheibriados
 18457 | Lair:2   | Found a hole to the Spider Nest.
 18936 | Lair:2   | Found a runed translucent door.
 18936 | Lair:2   | Noticed Avanven's ghost (novice TrWr)
 18948 | Lair:2   | Killed Avanven's ghost
 19632 | Lair:3   | Identified the +0 helmet "Fall" {+Inv rElec}
 19920 | Lair:3   | Reached skill level 10 in Armour
 21297 | Lair:4   | Found a staircase to the Swamp.
 21717 | Lair:5   | Found a sacrificial altar of Ru.
 22332 | Lair:6   | Entered Level 6 of the Lair of Beasts
 22351 | Lair:6   | Reached skill level 5 in Translocations
 22375 | Lair:6   | Found the +8 glaive of the Guard {elec, spectral, AC+5}
 22695 | Lair:6   | Reached XP level 15. HP: 100/100 MP: 23/23
 23311 | Lair:6   | Identified the +1 quarterstaff of Hubris {vamp, *Corrode
                  | rC++}
 23604 | Lair:6   | Identified a scroll of acquirement
 23604 | Lair:6   | Acquired a +3 eveningstar of protection
 23662 | Lair:6   | Found a staircase to the Slime Pits.
 23994 | Swamp:1  | Entered Level 1 of the Swamp
 24687 | Swamp:1  | You are sucked into a shaft and drop 1 floor!
 24717 | Swamp:2  | Reached skill level 15 in Fighting
 24717 | Swamp:2  | Reached skill level 10 in Shields
 24997 | Swamp:2  | You are sucked into a shaft and drop 1 floor!
 26124 | Swamp:1  | Reached XP level 16. HP: 85/108 MP: 22/25
 27415 | D:15     | Entered Level 15 of the Dungeon
 27664 | D:15     | Identified Roxanne's Handbook of Transmigration
 27664 | D:15     | Noticed Roxanne
 27682 | D:15     | Killed Roxanne
 28270 | D:15     | Reached skill level 16 in Fighting
 28270 | D:15     | Reached skill level 15 in Maces & Flails
 28322 | D:15     | Found a staircase to the Depths.
 28917 | Spider:1 | Entered Level 1 of the Spider Nest
 29068 | D:5      | Bought an amulet of regeneration for 420 gold pieces
 30123 | Swamp:4  | Entered Level 4 of the Swamp
 30123 | Swamp:4  | Noticed a thorn hunter
 30134 | Swamp:4  | Reached skill level 1 in Stealth
 30138 | Swamp:4  | Killed a thorn hunter
 30147 | Swamp:4  | Noticed Kirke
 30171 | Swamp:3  | Reached XP level 17. HP: 68/116 MP: 15/27
 30372 | Swamp:3  | Slain by Kirke

Illustrated notes

Levels and vault maps discovered:
D:1:      arrival_aquarium_b, layout_basic, minmay_tromino_v4_c
D:2:      cheibrodos_old_hovel, layout_rooms,
          hellmonk_ecumenical_altar_leap_of_faith
D:3:      layout_rooms, minmay_joined_circles, uniq_crazy_yiuf_cottage,
          uniq_jessica
D:4:      gammafunk_steamed_eel, layout_basic, minmay_close_crescents,
          uniq_menkaure
D:5:      layout_cave_pods, mainiacjoe_overflow_cross_hatched,
          mainiacjoe_overflow_surrounded_room, serial_shops, shop
D:6:      minmay_polygon_palace, layout_basic,
          nicolae_dithmenos_through_a_glass_darkly, trog_hazing_becter,
          nicolae_yredelemnul_corpse_copse
D:7:      layout_loops_ring, minmay_temple_entry_hall,
          minmay_a_box_with_orc_wizards_in_it
D:8:      layout_rooms, serial_shops, shop, uniq_harold
D:9:      layout_roguey, lair_entry_dummy, nicolae_wooded_promenade
D:10:     layout_roguey, mainiacjoe_overflow_alcove_2
D:11:     layout_roguey, tso_oasis_becter, uniq_sonja
D:12:     layout_small_grid, david_orc_5
D:13:     layout_basic, david_vaults_1, uniq_erolcha
D:14:     minmay_the_grid_octo_2x2 [minmay_the_grid_octo_toaster,
          minmay_the_grid_octo_fan_narrow, minmay_the_grid_octo_empty,
          minmay_the_grid_octo_prize_square_snowflake], layout_loops_cross,
          minmay_misc_feat_roman, fedhas_altar_fruit_tree
D:15:     gammafunk_enter_depths_forms, layout_loops_ring, serial_park_tiny_1,
          uniq_roxanne
Temple:   compressed_dpeg_circular_temple
Lair:1:   layout_cave_shapes, grunt_megastairs_3
Lair:2:   nzn_winding_woodlands_stair_trap [nzn_winding_woodlands_5x15_garden,
          nzn_winding_woodlands_5x15_pockets, nzn_winding_woodlands_5x15_cabin,
          nzn_winding_woodlands_15x15_boxy_spiral,
          nzn_winding_woodlands_5x15_eye,
          nzn_winding_woodlands_5x15_lazy_stream,
          nzn_winding_woodlands_5x15_parted], layout_big_grid,
          spider_nest_entry_rubble, ebering_ghost_inner_flame,
          beast_lair_carwin_6
Lair:3:   layout_cave_pods, lemuel_fruit_tree, grunt_megastairs_5
Lair:4:   layout_long_grid, nicolae_swamp_entry_splash_gauntlet,
          nicolae_quartered_pool_super, minivault_24
Lair:5:   layout_roguey, basic_altar, infiniplex_staircase_pool_2,
          grunt_megastairs_2
Lair:6:   minmay_lair_end_frog_pond, layout_long_grid,
          minmay_slime_entry_jelly_boxes, infiniplex_staircase_pool
Swamp:1:  layout_basic_swamp, evilmike_swamp_ruin_house_1
Swamp:2:  layout_basic_swamp, serial_swamp_ruin, evilmike_swamp_ruin_rubble_1,
          evilmike_swamp_ruin_house_3, evilmike_swamp_ruin_house_4
Swamp:3:  layout_basic_swamp, nicolae_swamp_treefoil
Swamp:4:  swamp_alternative, layout_basic_swamp, uniq_kirke, uniq_louise,
          uniq_mlioglotl
Spider:1: layout_spider_delve

Skill      XL: |  1  2  3  4  5  6  7  8  9 10 11 12 13 14 15 16 17 |
---------------+----------------------------------------------------+-----
Fighting       | 4 5 14 15 16 | 16.4
Maces & Flails | 3 4 5 6 8 9 11 12 13 14 15 | 15.4
Armour         | 4 5 6 9 10 | 10.7
Shields        | 4 5 6 8 10 11 | 11.8
Dodging        | 1 4 |  4.8
Invocations    | 1 5 8 10 11 13 14 | 14.5
Evocations     | 5 6 |  6.7
Translocations | 1 5 |  5.1
Stealth        | 2 3 |  3.2

Action                   |  1- 3 |  4- 6 |  7- 9 | 10-12 | 13-15 | 16-18 || total
-------------------------+-------+-------+-------+-------+-------+-------++-------
Melee: Flail             |    81 |   114 |   435 |    74 |       |       ||   704
       Headbutt          |       |       |    55 |   177 |   560 |   124 ||   916
       Mace              |       |       |       |   568 |  1029 |       ||  1597
       Eveningstar       |       |       |       |       |   235 |   300 ||   535
Throw: Throwing net      |       |       |       |     6 |     1 |       ||     7
 Cast: Apportation       |       |       |       |       |     3 |       ||     3
Invok: Bend Time         |       |       |       |     3 |     4 |       ||     7
       Slouch            |       |       |       |       |     3 |     5 ||     8
Evoke: Wand              |       |       |       |    13 |    14 |     6 ||    33
  Use: Scroll            |     3 |     5 |     3 |     8 |    14 |     4 ||    37
       Potion            |       |     5 |     1 |     3 |     5 |     5 ||    19
 Stab: Paralysed         |       |       |       |    15 |    17 |       ||    32
       Held in net/web   |       |       |       |     1 |       |       ||     1
       Petrified         |       |       |       |       |     2 |       ||     2
       Invisible         |       |       |       |       |       |     6 ||     6
       Confused          |       |       |       |       |       |     2 ||     2
Armor: Scale mail        |    72 |    45 |    81 |       |       |       ||   198
       Leather armour    |       |       |   193 |    85 |       |       ||   278
       Troll leather arm |       |       |       |   143 |       |       ||   143
       Chain mail        |       |       |       |   126 |   487 |   225 ||   838
Dodge: Dodged            |    66 |    38 |   247 |   444 |   656 |   216 ||  1667
Block: Buckler           |    30 |    13 |   123 |    16 |       |       ||   182
       Kite shield       |       |       |       |   437 |  1006 |   279 ||  1722

Table legend: (Time is in decaauts)
 A = Elapsed time spent in this place.
 B = Non-inter-level travel time spent in this place.
 C = Inter-level travel time spent in this place.
 D = Time resting spent in this place.
 E = Time spent auto-exploring this place.
 F = Levels seen in this place.
 G = Mean time per level.
                   A        B        C        D        E       F      G
               +--------+--------+--------+--------+--------+-----+--------+
         Total |  40020 |  36613 |   3407 |   6631 |  23752 |  27 | 1482.2 |
       Dungeon |  22067 |  20344 |   1723 |   3783 |  13023 |  15 | 1471.1 |
        Temple |    102 |     89 |     13 |      0 |     62 |   1 |  102.0 |
          Lair |  12357 |  10903 |   1454 |   1252 |   7868 |   6 | 2059.5 |
         Swamp |   5456 |   5241 |    215 |   1596 |   2799 |   4 | 1364.0 |
   Spider Nest |     37 |     37 |      0 |      0 |      0 |   1 |   37.0 |
               +--------+--------+--------+--------+--------+-----+--------+

Top non-repeatable levels by time:
  Lair:2: 2934 daAuts
 Swamp:1: 2363 daAuts
  Lair:4: 2332 daAuts
    D:15: 2099 daAuts
    D:13: 2045 daAuts
    D:12: 1992 daAuts
    D:14: 1946 daAuts
  Lair:6: 1936 daAuts
     D:5: 1860 daAuts
  Lair:3: 1848 daAuts
  Lair:5: 1680 daAuts
  Lair:1: 1624 daAuts
     D:9: 1588 daAuts
     D:6: 1580 daAuts
 Swamp:3: 1545 daAuts
